 Dungeon Crawl Stone Soup version 0.26-a0-966-gd078a86f14 (webtiles) character file.

Game seed: 1534223618470101995

394 Ijustatesigmund the Chopper (level 6, 0/43 HPs)
             Began as an Octopode Fighter on Dec 3, 2020.
             Killed from afar by an orc wizard (6 damage)
             ... with a magic dart
             ... on level 7 of the Dungeon.
             The game lasted 00:04:58 (3047 turns).

Ijustatesigmund the Chopper (Octopode Fighter)      Turns: 3047, Time: 00:04:59

Health: 0/43       AC:  1    Str: 14    XL:     6   Next: 82%
Magic:  6/6        EV: 12    Int: 10    God:
Gold:   139        SH: 13    Dex: 13    Spells: 5/5 levels left

rFire    . . .     SeeInvis .   a - +1 war axe
rCold    . . .     Faith    .   b - +0 kite shield
rNeg     . . .     Spirit   .   (helmet restricted)
rPois    .         Reflect  .   (no amulet)
rElec    .         Harm     .   (no ring)
rCorr    .         Rampage  .   (no ring)
MR       .....                  (no ring)
Stlth    ++........             (no ring)
HPRegen  0.14/turn              (no ring)
MPRegen  0.10/turn              (no ring)
                                (no ring)
                                (no ring)

@: mighty
A: almost no armour, stealthy swim, amphibious, 8 rings, constrict 8, large bone
plates 1, camouflage 1, mutation resistance 1, weak 1, gelatinous body 1
a: no special abilities


You were on level 7 of the Dungeon.
You visited 1 branch of the dungeon, and saw 5 of its levels.

You collected 139 gold pieces.

Inventory:

Hand Weapons
 a - a +1 war axe (weapon)
 f - a +3 flail
Missiles
 g - 10 poisoned darts (quivered)
Armour
 b - a +0 kite shield (worn)
Wands
 i - a wand of polymorph (8)
Scrolls
 e - a scroll of magic mapping
Potions
 d - a potion of heal wounds {unknown}
 j - a potion of curing
 k - 2 potions of mutation
 l - 2 potions of attraction
 m - a potion of magic


   Skills:
 + Level 3.6 Fighting
 + Level 5.9 Axes
 + Level 3.6 Dodging
 + Level 3.6 Shields


You had 5 spell levels left.
You didn't know any spells.
Your spell library was empty.

Dungeon Overview and Level Annotations

Branches:
Dungeon (7/15)
 Temple: D:4-7

Altars:
Dithmenos


Innate Abilities, Weirdness & Mutations

You cannot wear most types of armour.
You are very stealthy in the water. (Stealth+)
You are amphibious.
You can wear up to eight rings at the same time.
You can use your tentacles to constrict eight enemies at once.
Your skin changes colour to match your surroundings (Stealth+).
Your rubbery body absorbs attacks. (AC +1, EV +1)
You are partially covered in large bone plates. (SH +4)
You are somewhat resistant to further mutation.
You are weak. (Str -2)


Message History

The orc wizard points at you and mumbles some strange words.
The puff of frost hits you!
* * * LOW HITPOINT WARNING * * *
The orc wizard hits you with a +0 dagger.
* * * LOW HITPOINT WARNING * * *
The orc wizard casts a spell at you. The magic dart hits you.
* * * LOW HITPOINT WARNING * * *
You feel better. You block the orc wizard's attack. x2
You closely miss the orc wizard. Your grab misses the orc wizard.
Your squeeze misses the orc wizard.
The orc wizard is heavily wounded.
You closely miss the orc wizard.
The orc wizard hits you with a +0 dagger.
* * * LOW HITPOINT WARNING * * *
The orc wizard closely misses you.
It was a potion of magic.
Magic courses through your body.
The orc wizard points at you and mumbles some strange words.
The magic dart hits you.
You die...

*#.....####..#
**,,**#......#*
**,*** ###....##
*** *,,* #.....##
*,* ,,**
#......### *,* ,**
#........## *,* ,*
#.........### **,*
** ##..#.......##
*,,*
#####)@.....#**,,*
##oo.....#*,**
#B.......,,*
*#........,,*
**.........,,*
*,.......♣♣,,*
*,.(.....♣*,**
*..(...#(.,,*
*,,,,,*******


You could see 2 orc wizards and a giant cockroach.

Vanquished Creatures
  A black bear (D:7)
  A water moccasin zombie (D:7)
  An orc wizard (D:3)
  Jessica (D:3)
  Robin (D:3)
  6 adders
  4 oozes
  3 worms (D:3)
  A dart slug (D:4)
  5 leopard geckos
  5 orcs
  6 bats
  4 giant cockroaches
  12 goblins
  15 hobgoblins
  A quokka (D:3)
  A ball python (D:3)
  5 frilled lizards
  11 kobolds
  8 rats
92 creatures vanquished.

Vanquished Creatures (others)
  A bat (D:1)
1 creature vanquished.

Grand Total: 93 creatures vanquished

Notes
Turn   | Place    | Note
-------+----------+-------------------------------------------
     0 | D:1      | Ijustatesigmund the Octopode Fighter began the quest for
                  | the Orb.
     0 | D:1      | Reached XP level 1. HP: 16/16 MP: 1/1
   141 | D:1      | Reached XP level 2. HP: 21/21 MP: 2/2
   249 | D:1      | Gained mutation: You are weak. (Str -2) [potion of
                  | mutation]
   249 | D:1      | Gained mutation: You are partially covered in large bone
                  | plates. (SH +4) [potion of mutation]
   249 | D:1      | Gained mutation: You are somewhat resistant to further
                  | mutation. [potion of mutation]
   268 | D:1      | Reached skill level 3 in Axes
   718 | D:1      | Reached XP level 3. HP: 26/26 MP: 3/3
   989 | D:2      | You fall into a shaft and drop 1 floor!
  1083 | D:3      | Reached skill level 4 in Axes
  1147 | D:2      | Reached XP level 4. HP: 16/31 MP: 4/4
  1846 | D:2      | Reached skill level 5 in Axes
  1966 | D:2      | Reached XP level 5. HP: 36/36 MP: 5/5
  2199 | D:3      | Found a shadowy altar of Dithmenos.
  2232 | D:3      | Noticed Robin
  2235 | D:3      | Killed Robin
  2436 | D:3      | Noticed Jessica
  2448 | D:3      | Killed Jessica
  2751 | D:3      | Reached XP level 6. HP: 36/42 MP: 6/6
  3015 | D:4      | You fall into a shaft and drop 3 floors!
  3016 | D:7      | Noticed a black bear
  3016 | D:7      | Noticed a sky beast
  3035 | D:7      | Noticed a black bear
  3042 | D:7      | Killed a black bear
  3047 | D:7      | Killed from afar by an orc wizard

Illustrated notes

Levels and vault maps discovered:
D:1:      dpeg_arrival_shrine, layout_loops_ring, roderic_lattice_a,
          lemuel_flame_loot_1
D:2:      layout_basic
D:3:      layout_basic, grunt_dithmenos_smoke, uniq_robin, uniq_jessica
D:4:      layout_basic, demons_altar, grunt_qazlal_sundering
D:7:      layout_layer_cave, gammafunk_ghost_nasty_kobolds, chequers_mini_garden

Skill      XL: |  1  2  3  4 |
---------------+-------------+-----
Axes           | 3 4 5 |  5.9
Fighting       | |  3.6
Dodging        | |  3.6
Shields        | |  3.6

Action                   |  1- 3 |  4- 6 || total
-------------------------+-------+-------++-------
Melee: War axe           |    49 |   111 ||   160
       Constrict         |    13 |    25 ||    38
       Tentacles         |     6 |    13 ||    19
Throw: Dart              |       |     4 ||     4
  Use: Scroll            |     3 |     7 ||    10
       Potion            |     1 |     3 ||     4
 Stab: Sleeping          |     6 |     5 ||    11
Armor: Skin              |     4 |     7 ||    11
Dodge: Dodged            |    26 |    34 ||    60
Block: Kite shield       |    32 |    68 ||   100

Table legend: (Time is in decaauts)
 A = Elapsed time spent in this place.
 B = Non-inter-level travel time spent in this place.
 C = Inter-level travel time spent in this place.
 D = Time resting spent in this place.
 E = Time spent auto-exploring this place.
 F = Levels seen in this place.
 G = Mean time per level.
                   A        B        C        D        E       F      G
               +--------+--------+--------+--------+--------+-----+--------+
         Total |   3115 |   2924 |    191 |    337 |   2059 |   5 |  623.0 |
       Dungeon |   3115 |   2924 |    191 |    337 |   2059 |   5 |  623.0 |
               +--------+--------+--------+--------+--------+-----+--------+

Top non-repeatable levels by time:
     D:2: 1033 daAuts
     D:3: 985 daAuts
     D:1: 976 daAuts
     D:4: 85 daAuts
     D:7: 35 daAuts
